 Dungeon Crawl Stone Soup version 0.23.2-33-g5129a83184 (webtiles) character file.

Game seed: 16338386919517504667

759 troglodite the Magician (level 7, 0/51 HPs)
             Began as a Gnoll Wanderer on July 2, 2019.
             Slain by a kobold
             ... wielding a +2 whip of venom
              (7 damage)
             ... on level 4 of the Dungeon on July 3, 2019.
             The game lasted 00:18:48 (5744 turns).

troglodite the Magician (Gnoll Wanderer)            Turns: 5744, Time: 00:18:48

Health: 0/51       AC:  2    Str: 13    XL:     7   Next: 80%
Magic:  10/18      EV: 13    Int: 16    God:
Gold:   163        SH:  0    Dex: 16    Spells: 12/21 levels left

rFire    . . .     SeeInvis .   m - +2 short sword (speed)
rCold    . . .     Gourm    .   (no shield)
rNeg     . . .     Faith    .   d - +0 robe
rPois    .         Spirit   .   (no helmet)
rElec    .         Reflect  .   (no cloak)
rCorr    .         Harm     .   (no gloves)
MR       .....                  (no boots)
Stlth    +++.......             (no amulet)
HPRegen  0.17/turn              (no ring)
MPRegen  0.16/turn              (no ring)

@: lethally poisoned (0 -> -5), slowed, very slow
A: distributed training, fangs 1, strong nose
a: no special abilities


You were on level 4 of the Dungeon.
You were hungry.

You visited 1 branch of the dungeon, and saw 4 of its levels.

You collected 163 gold pieces.

Inventory:

Hand Weapons
 m - a +2 short sword of speed (weapon)
Armour
 d - a +0 robe (worn)
Wands
 n - a wand of acid (12)
Scrolls
 b - 6 scrolls of remove curse {unknown}
 g - 2 scrolls of teleportation {unknown}
 i - 5 scrolls of identify {unknown}
 k - 2 scrolls of blinking {unknown}
 o - 3 scrolls of fear {unknown}
 q - a scroll of amnesia {unknown}
 r - a scroll of enchant weapon {unknown}
 s - a scroll of magic mapping {unknown}
 t - a scroll of enchant armour {unknown}
 u - a scroll of fog {unknown}
Potions
 c - a potion of cancellation {unknown}
 e - a potion of curing
 h - a potion of haste {unknown}
 l - a potion of magic {unknown}
 p - a potion of lignification {unknown}
Comestibles
 a - 3 chunks of flesh
 f - 7 rations


   Skills:
 + Level 2.6 Fighting
 + Level 2.6 Short Blades
 + Level 2.6 Long Blades
 + Level 2.6 Axes
 + Level 2.6 Maces & Flails
 + Level 2.6 Polearms
 + Level 2.6 Staves
 + Level 2.6 Slings
 + Level 2.6 Bows
 + Level 2.6 Crossbows
 + Level 2.6 Throwing
 + Level 2.6 Armour
 + Level 2.6 Dodging
 + Level 3.6 Stealth
 + Level 3.7 Shields
 + Level 2.6 Unarmed Combat
 + Level 7.7 Spellcasting
 + Level 2.1 Conjurations
 + Level 2.1 Hexes
 + Level 2.1 Charms
 + Level 2.1 Summonings
 + Level 2.1 Necromancy
 + Level 2.1 Translocations
 + Level 2.1 Transmutations
 + Level 5.9 Fire Magic
 + Level 4.4 Ice Magic
 + Level 2.1 Air Magic
 + Level 2.1 Earth Magic
 + Level 2.1 Poison Magic
 + Level 3.0 Invocations
 + Level 2.6 Evocations


You had 12 spell levels left.
You knew the following spells:

 Your Spells              Type           Power        Failure   Level  Hunger
a - Freeze                Ice            ###.         1%          1    None
b - Flame Tongue          Conj/Fire      ###..        2%          1    None
c - Sting                 Conj/Pois      ##..         4%          1    None
d - Throw Flame           Conj/Fire      ###...       3%          2    None
e - Sticky Flame          Conj/Fire      ###.....     22%         4    ####...

Your spell library contained the following spells:

 Spells                   Type           Power        Failure   Level  Hunger
 Conjure Flame            Conj/Fire      ###.....     7%          3    ##.....
 Inner Flame              Hex/Fire       ###.....     7%          3    ##.....
 Ozocubu's Armour         Chrm/Ice       ###.....     9%          3    ##.....
 Spider Form              Tmut/Pois      ##........   14%         3    ##.....
 Fireball                 Conj/Fire      ###.......   52%         5    #####..


Dungeon Overview and Level Annotations

Branches:
Dungeon (4/15)
 Temple: D:4-7

Altars:
Ashenzari
Fedhas
Beogh

Annotations:
D:4 3 runed translucent doors, dscm's ghost, amateur OpEE


Innate Abilities, Weirdness & Mutations

Your experience applies equally to all skills.
You have very sharp teeth.
Your uncanny sense of smell can sniff out nearby items.


Message History

* * * LOW HITPOINT WARNING * * *
Unknown command.
The kobold shouts!
You hit the kobold.
You kill the kobold!
The kobold throws a stone.
The stone barely misses you.
The stone hits the kobold.
The kobold dies!
The kobold barely misses you. x2
Things that are here:
a +0 blowgun; a kobold corpse You hit the kobold but do no damage.
Your bite misses the kobold.
The kobold hits you with a +2 whip of venom.
* * * LOW HITPOINT WARNING * * *
You are poisoned.
You closely miss the kobold.
You feel sick. The kobold barely misses you.
You closely miss the kobold.
You feel sick.
You hit the kobold but do no damage. The kobold closely misses you.
The kobold hits you with a +2 whip of venom!
You die...

#......#..# #.#..#..... ..
###...>..#..#####..............
. .............................
..
##.#.#...#.#####(#...####P♣##
#.. ##.......### #.##P.P.# PP
.........# #.##.P..# #P
...#.##..# #.###♣.♣♣ ...#.##).#
#.# ... .......... #@# ♣..P
...##.#..# #K# .. ...##..(.#
#K# .........#######(# ♣
.................# ..
..............(###♣♣.P♣
...####(#########......
...####.#######P..♣....
........#(K))K).P......


You could see 2 kobolds.

Vanquished Creatures
  4 ogres (D:4)
  A big kobold (D:4)
  An orc priest (D:2)
  4 worker ants
  2 hound skeletons (D:4)
  6 adders
  2 oozes
  An adder skeleton (D:4)
  A worm (D:3)
  7 dart slugs
  2 leopard geckos
  7 orcs
  A ball python (D:2)
  4 bats
  4 giant cockroaches
  9 goblins
  12 hobgoblins
  3 jackals (D:3)
  27 kobolds
  11 frilled lizards
  6 rats
115 creatures vanquished.

Vanquished Creatures (others)
  A kobold (D:4)
  A plant (D:4)
2 creatures vanquished.

Grand Total: 117 creatures vanquished

Notes
Turn   | Place    | Note
-------+----------+-------------------------------------------
     0 | D:1      | troglodite the Gnoll Wanderer began the quest for the Orb.
     0 | D:1      | troglodite set off with the following items: a +0 dagger, a
                  | +0 robe, a ration; and the following spells available to
                  | memorise: Freeze, Flame Tongue, Throw Flame, Sting, Conjure
                  | Flame, Inner Flame, Ozocubu's Armour, Spider Form, Sticky
                  | Flame, Fireball
     0 | D:1      | Reached XP level 1. HP: 13/13 MP: 8/8
     2 | D:1      | Learned a level 1 spell: Freeze
     4 | D:1      | Learned a level 1 spell: Flame Tongue
     6 | D:1      | Learned a level 1 spell: Sting
   423 | D:1      | Reached XP level 2. HP: 19/19 MP: 8/10
   601 | D:1      | Learned a level 2 spell: Throw Flame
   721 | D:1      | Reached XP level 3. HP: 25/25 MP: 7/11
  1122 | D:1      | Reached skill level 1 in Invocations
  1729 | D:2      | Reached skill level 1 in Fighting
  1729 | D:2      | Reached skill level 1 in Short Blades
  1729 | D:2      | Reached skill level 1 in Long Blades
  1729 | D:2      | Reached skill level 1 in Axes
  1729 | D:2      | Reached skill level 1 in Maces & Flails
  1729 | D:2      | Reached skill level 1 in Polearms
  1729 | D:2      | Reached skill level 1 in Staves
  1729 | D:2      | Reached skill level 1 in Slings
  1729 | D:2      | Reached skill level 1 in Bows
  1729 | D:2      | Reached skill level 1 in Crossbows
  1729 | D:2      | Reached skill level 1 in Throwing
  1729 | D:2      | Reached skill level 1 in Armour
  1729 | D:2      | Reached skill level 1 in Dodging
  1729 | D:2      | Reached skill level 1 in Unarmed Combat
  1729 | D:2      | Reached skill level 1 in Evocations
  1729 | D:2      | Reached XP level 4. HP: 11/32 MP: 8/13
  1940 | D:2      | Learned a level 4 spell: Sticky Flame
  2164 | D:2      | Reached skill level 1 in Conjurations
  2164 | D:2      | Reached skill level 1 in Hexes
  2164 | D:2      | Reached skill level 1 in Charms
  2164 | D:2      | Reached skill level 1 in Summonings
  2164 | D:2      | Reached skill level 1 in Necromancy
  2164 | D:2      | Reached skill level 1 in Translocations
  2164 | D:2      | Reached skill level 1 in Transmutations
  2164 | D:2      | Reached skill level 1 in Air Magic
  2164 | D:2      | Reached skill level 1 in Earth Magic
  2164 | D:2      | Reached skill level 1 in Poison Magic
  2333 | D:2      | Reached XP level 5. HP: 37/37 MP: 2/14
  3871 | D:3      | Found a blossoming altar of Fedhas.
  3972 | D:4      | Reached XP level 6. HP: 22/44 MP: 16/16
  4139 | D:4      | Found a shattered altar of Ashenzari.
  4677 | D:4      | Reached XP level 7. HP: 45/50 MP: 9/18
  4971 | D:4      | Found a runed translucent gate.
  4979 | D:4      | Noticed dscm's ghost (amateur OpEE)
  4982 | D:4      | Found a runed translucent gate.
  4982 | D:4      | Found a runed translucent gate.
  4983 | D:4      | Found a roughly hewn altar of Beogh.
  5744 | D:4      | Slain by a kobold

Skill      XL: |  1  2  3  4  5  6  7 |
---------------+----------------------+-----
Invocations    | 1 2 3 |  3.0
Fighting       | 1 2 |  2.6
Short Blades   | 1 2 |  2.6
Long Blades    | 1 2 |  2.6
Axes           | 1 2 |  2.6
Maces & Flails | 1 2 |  2.6
Polearms       | 1 2 |  2.6
Staves         | 1 2 |  2.6
Slings         | 1 2 |  2.6
Bows           | 1 2 |  2.6
Crossbows      | 1 2 |  2.6
Throwing       | 1 2 |  2.6
Armour         | 1 2 |  2.6
Dodging        | 1 2 |  2.6
Unarmed Combat | 1 2 |  2.6
Evocations     | 1 2 |  2.6
Conjurations   | 1 2 |  2.1
Hexes          | 1 2 |  2.1
Charms         | 1 2 |  2.1
Summonings     | 1 2 |  2.1
Necromancy     | 1 2 |  2.1
Translocations | 1 2 |  2.1
Transmutations | 1 2 |  2.1
Air Magic      | 1 2 |  2.1
Earth Magic    | 1 2 |  2.1
Poison Magic   | 1 2 |  2.1
Shields        | 3 |  3.7
Ice Magic      | 4 |  4.4
Stealth        | 3 |  3.6
Spellcasting   | |  7.7
Fire Magic     | |  5.9

Action                   |  1- 3 |  4- 6 |  7- 9 || total
-------------------------+-------+-------+-------++-------
Melee: Dagger            |    31 |       |       ||    31
       Bite              |     3 |     4 |     6 ||    13
       Short sword       |     1 |    71 |    47 ||   119
 Cast: Sting             |    20 |     5 |       ||    25
       Throw Flame       |    46 |    84 |    42 ||   172
       Flame Tongue      |     2 |     2 |       ||     4
  Use: Potion            |       |     1 |     3 ||     4
 Stab: Sleeping          |       |     1 |       ||     1
  Eat: Chunk             |     2 |     9 |     3 ||    14
Armor: Robe              |     9 |    12 |     6 ||    27
Dodge: Dodged            |    32 |    61 |    45 ||   138
